[Event "Titled Tuesday Blitz August 08 Late 2023"]
[White "Erzhanov, Arman"]
[Black "Djordjevic, Dejan N"]
[WhiteFideId "4138821"]
[BlackFideId "913316"]
[WhiteElo "2607"]
[BlackElo "2054"]
[Result "1-0"]
[Round "5"]
[TimeControl "180+1"]
[Date "2023.08.08"]
[WhiteClock "0:01:34"]
[BlackClock "0:00:12"]
[Board "117"]

1. e4 c5 2. Nf3 Nc6 3. Bb5 g6 4. O-O Bg7 5. c3 Nf6 6. Qa4 O-O 7. d4 cxd4 8. cxd4 Qc7 9. Nc3 d6 10. Bg5 e6 11. Rac1 Bd7 12. d5 Nb8 13. dxe6 fxe6 14. Nd5 Qd8 15. Nc7 Nc6 16. Nxa8 Qxa8 17. Rfd1 Ne8 18. Be7 Rxf3 19. gxf3 Qb8 20. Bh4 a6 21. Bf1 Ne5 22. Qb3 Kf7 23. Bh3 Nf6 24. Bg3 Ne8 25. f4 Nc6 26. f5 gxf5 27. exf5 Ne5 28. fxe6+ 1-0


[Site "https://www.chess.com"]

[Event "Titled Tuesday Blitz August 08 Late 2023"]
[White "Di Berardino, Diego Rafael"]
[Black "Gajwa Ankit"]
[WhiteFideId "2105446"]
[BlackFideId "5077834"]
[WhiteElo "2603"]
[BlackElo "2390"]
[Result "1-0"]
[Round "5"]
[TimeControl "180+1"]
[Date "2023.08.08"]
[WhiteClock "0:00:11"]
[BlackClock "0:00:19"]
[Board "119"]

1. d4 Nf6 2. c4 g6 3. Nc3 Bg7 4. e4 d6 5. Nf3 O-O 6. Be2 e5 7. O-O Nc6 8. d5 Ne7 9. b4 a5 10. Ba3 axb4 11. Bxb4 Ne8 12. c5 dxc5 13. Bxc5 Nd6 14. Nd2 f5 15. f3 Bd7 16. Nc4 Nec8 17. a4 Nxc4 18. Bxc4 Nd6 19. Bd3 f4 20. Qb3 g5 21. Nb5 Rf6 22. Rfc1 g4 23. Nxd6 cxd6 24. Bb6 Qe8 25. Be2 g3 26. Bb5 gxh2+ 27. Kh1 Bxb5 28. axb5 Rxa1 29. Rxa1 Qh5 30. Qc4 Bf8 31. Qc8 Qh4 32. Bd8 Qh6 33. Bxf6 Qxf6 34. Qe6+ Qxe6 35. dxe6 Kg7 36. Ra7 Kf6 37. Rxb7 Kxe6 38. Rxh7 d5 39. exd5+ Kxd5 40. b6 Bd6 41. b7 e4 42. fxe4+ Kxe4 43. Rh8 f3 44. gxf3+ Kxf3 45. b8=Q Bxb8 46. Rxb8 Kg3 47. Rh8 Kf3 48. Rxh2 Kg3 49. Rg2+ 1-0


[Site "https://www.chess.com"]

[Event "Titled Tuesday Blitz August 08 Late 2023"]
[White "Altman, Joshua"]
[Black "kiwibobo"]
[WhiteFideId "426210"]
[WhiteElo "2589"]
[BlackElo "2385"]
[Result "1-0"]
[Round "5"]
[TimeControl "180+1"]
[Date "2023.08.08"]
[WhiteClock "0:00:16"]
[BlackClock "0:00:00"]
[Board "120"]

1. Nf3 Nf6 2. b3 g6 3. Bb2 Bg7 4. g3 O-O 5. Bg2 d6 6. d4 b5 7. O-O d5 8. Ne5 c6 9. c4 bxc4 10. bxc4 Qb6 11. Qb3 Be6 12. c5 Qc7 13. Nd2 Nbd7 14. f4 Rfb8 15. Qc2 Bf5 16. Qc1 h5 17. h3 Qc8 18. Kh2 Qb7 19. Bc3 Nf8 20. Bf3 Qc8 21. Bg2 N6d7 22. Ndf3 f6 23. Nxd7 Nxd7 24. Nh4 Nf8 25. Nxf5 Qxf5 26. e4 dxe4 27. Qe3 Rd8 28. Bxe4 Qe6 29. Rae1 Qxa2+ 30. Rf2 Qe6 31. Qf3 Qf7 32. Bxc6 Rac8 33. Rfe2 Rc7 34. Ba5 Rxc6 35. Bxd8 Rc8 36. Rxe7 Qa2+ 37. R1e2 Qc4 38. Ba5 Qb5 39. Bc3 a5 40. Qd5+ Kh8 41. Qf7 Bh6 42. Qxf6+ Kg8 43. Qf7+ Kh8 44. d5+ 1-0


[Site "https://www.chess.com"]

[Event "Titled Tuesday Blitz August 08 Late 2023"]
[White "Vlassov, Nikolai"]
[Black "Topalov, Aleksandar"]
[WhiteFideId "4103360"]
[BlackFideId "925659"]
[WhiteElo "2579"]
[BlackElo "2371"]
[Result "1-0"]
[Round "5"]
[TimeControl "180+1"]
[Date "2023.08.08"]
[WhiteClock "0:01:02"]
[BlackClock "0:00:00"]
[Board "121"]

1. e4 e6 2. c4 d5 3. cxd5 exd5 4. Qb3 Nf6 5. e5 Ne4 6. d4 Nc6 7. Bb5 Bb4+ 8. Nc3 O-O 9. Bxc6 Bxc3+ 10. bxc3 bxc6 11. Ne2 Ba6 12. f3 Qh4+ 13. g3 Qh5 14. c4 Bxc4 15. Qe3 Bxe2 16. fxe4 Bf3 17. O-O Bxe4 18. Rf4 Qd1+ 19. Rf1 Qc2 20. Rf2 Qd1+ 21. Rf1 Qc2 22. Qf2 Qxf2+ 23. Rxf2 f6 24. Ba3 Rf7 25. e6 Rff8 26. Rc1 Rfe8 27. Rxc6 Rab8 28. Rb2 Rxb2 29. Bxb2 Bf5 30. Rxc7 Rxe6 31. Rxa7 Re2 32. Bc3 Bh3 33. Rc7 Re3 34. Kf2 Rd3 35. Ke2 1-0


[Site "https://www.chess.com"]

[Event "Titled Tuesday Blitz August 08 Late 2023"]
[White "Leschinsky, Gary"]
[Black "Manukyan, Sargis A."]
[WhiteFideId "30951321"]
[BlackFideId "13303970"]
[WhiteElo "2368"]
[BlackElo "2568"]
[Result "1-0"]
[Round "5"]
[TimeControl "180+1"]
[Date "2023.08.08"]
[WhiteClock "0:00:15"]
[BlackClock "0:00:47"]
[Board "122"]

1. d4 d5 2. c4 e6 3. Nc3 Nf6 4. cxd5 Nxd5 5. e4 Nxc3 6. bxc3 c5 7. a3 cxd4 8. cxd4 Nc6 9. Nf3 Be7 10. Bc4 O-O 11. O-O b6 12. Be3 Bb7 13. Qe2 Rc8 14. Rfd1 Qc7 15. Ba2 Rfd8 16. d5 exd5 17. exd5 Ne5 18. Rac1 Nxf3+ 19. Qxf3 Qd6 20. Rxc8 Rxc8 21. Bf4 Qxa3 22. Qxa3 Bxa3 23. d6 Rd8 24. Bd5 Bxd5 25. Rxd5 f6 26. d7 Kf7 27. Bc7 Be7 28. Bxd8 Bxd8 29. Kf1 Ke6 30. Rd4 a5 31. Ke2 b5 32. Kd3 Ke7 33. Rd5 b4 34. Kc4 Bc7 35. Kb3 Kd8 36. Ka4 Bxh2 37. g3 g5 38. Rd1 h5 39. Rh1 h4 40. Rxh2 hxg3 41. fxg3 Kxd7 42. Kxa5 Ke6 43. Kxb4 Kf5 44. Kc3 Kg4 45. Rf2 Kxg3 46. Rxf6 g4 47. Kd2 Kg2 48. Ke2 g3 49. Rg6 Kh2 50. Kf3 g2 51. Rxg2+ Kh1 52. Rg8 1-0


[Site "https://www.chess.com"]

[Event "Titled Tuesday Blitz August 08 Late 2023"]
[White "Polaczek, Richard"]
[Black "Sreyas Payyappat"]
[WhiteFideId "200026"]
[BlackFideId "46674969"]
[WhiteElo "2366"]
[BlackElo "2503"]
[Result "0-1"]
[Round "5"]
[TimeControl "180+1"]
[Date "2023.08.08"]
[WhiteClock "0:00:01"]
[BlackClock "0:00:05"]
[Board "123"]

1. d4 Nf6 2. c4 c5 3. d5 e6 4. Nc3 exd5 5. cxd5 d6 6. e4 g6 7. h3 Bg7 8. Nf3 O-O 9. Bd3 b5 10. Nxb5 Nxe4 11. Bxe4 Re8 12. Ng5 Ba6 13. a4 h6 14. Ne6 fxe6 15. O-O e5 16. Bxg6 Rf8 17. Qh5 Nd7 18. Bxh6 Nf6 19. Qh4 Bxh6 20. Qxh6 Bxb5 21. axb5 Qd7 22. f4 Rab8 23. Qg5 Qg7 24. fxe5 dxe5 25. Ra6 Rb6 26. h4 Nd7 27. Rxa7 Rxg6 28. Qd2 Rxf1+ 29. Kxf1 Qf6+ 30. Kg1 Rg7 31. Ra8+ Kh7 32. d6 e4 33. Qe3 Qg6 34. Qf2 Ne5 35. b6 Qxd6 36. b7 Nf3+ 37. Kf1 Qd1+ 38. Qe1 Qxe1# 0-1


[Site "https://www.chess.com"]

[Event "Titled Tuesday Blitz August 08 Late 2023"]
[White "D`Arruda, Ricardo D."]
[Black "Carrasco Miranda, Andres"]
[WhiteFideId "100692"]
[BlackFideId "3405990"]
[WhiteElo "2502"]
[BlackElo "2350"]
[Result "1-0"]
[Round "5"]
[TimeControl "180+1"]
[Date "2023.08.08"]
[WhiteClock "0:00:35"]
[BlackClock "0:00:02"]
[Board "124"]

1. d4 Nf6 2. Nf3 g6 3. Nc3 d5 4. Bg5 Bg7 5. Bxf6 exf6 6. e3 O-O 7. Ne2 c5 8. dxc5 Qa5+ 9. c3 Qxc5 10. Nf4 Rd8 11. Qd4 b6 12. O-O-O Bb7 13. Bc4 Qa5 14. Bxd5 Bxd5 15. Nxd5 Nc6 16. Qc4 Rdc8 17. Qb3 Qc5 18. Rd3 Na5 19. Qb4 Qxb4 20. Nxb4 Nc4 21. Nd5 Kf8 22. Rhd1 b5 23. Kb1 a5 24. b3 Na3+ 25. Kb2 b4 26. Nb6 f5 27. Nxc8 Rxc8 28. Rd8+ Rxd8 29. Rxd8+ Ke7 30. Ra8 Nb5 31. Rxa5 Nxc3 32. Kc2 Ne4 33. Ra7+ Kf6 34. Rb7 Bf8 35. h4 h6 36. Ne1 Nxf2 37. Nd3 Ng4 38. Kd2 g5 39. hxg5+ hxg5 40. Nxb4 Bc5 41. Nc2 Ke6 42. b4 Bd6 43. a4 Ne5 44. a5 Nc4+ 45. Ke2 f4 46. a6 fxe3 47. a7 Ne5 48. a8=Q f5 49. Qc8+ Kd5 50. Nxe3+ Ke4 51. Qc2+ Kf4 52. Qxf5+ Kg3 53. Qxg5+ Kh2 54. Qh4+ Kg1 55. Qf2+ Kh1 56. Rh7# 1-0


[Site "https://www.chess.com"]

[Event "Titled Tuesday Blitz August 08 Late 2023"]
[White "Weisz, Bryan"]
[Black "Koc, Przemyslaw"]
[WhiteFideId "30934133"]
[BlackFideId "1109081"]
[WhiteElo "2321"]
[BlackElo "2501"]
[Result "0-1"]
[Round "5"]
[TimeControl "180+1"]
[Date "2023.08.08"]
[WhiteClock "0:00:04"]
[BlackClock "0:02:29"]
[Board "125"]

1. e4 c5 2. Nf3 Nf6 3. Nc3 Nc6 4. d4 d5 5. exd5 Nxd5 6. Bc4 Nxc3 7. bxc3 e6 8. O-O Be7 9. Ba3 O-O 10. Bxc5 Bxc5 11. dxc5 Qa5 12. Nd4 Qxc5 13. Nxc6 Qxc6 14. Bd3 b6 15. Qg4 Bb7 16. Rae1 Qxc3 17. Re3 Qc5 18. Bxh7+ Kxh7 19. Rh3+ Kg8 20. Qh4 f6 21. Qh7+ Kf7 22. Rh6 Qg5 0-1


[Site "https://www.chess.com"]

[Event "Titled Tuesday Blitz August 08 Late 2023"]
[White "The_Straightforward_Rook"]
[Black "Michalczak, Thomas"]
[BlackFideId "4622634"]
[WhiteElo "2281"]
[BlackElo "2497"]
[Result "1-0"]
[Round "5"]
[TimeControl "180+1"]
[Date "2023.08.08"]
[WhiteClock "0:00:30"]
[BlackClock "0:00:03"]
[Board "126"]

1. d4 Nf6 2. c4 e6 3. Nf3 d5 4. cxd5 exd5 5. Nc3 c6 6. Qc2 g6 7. Bf4 Bf5 8. Qb3 Qb6 9. e3 Nbd7 10. Nd2 Be7 11. h3 h5 12. Be2 O-O 13. O-O Qxb3 14. Nxb3 a5 15. Na4 Ne4 16. Rfc1 Bd6 17. Bxd6 Nxd6 18. Nac5 Nxc5 19. Nxc5 Rfe8 20. Bd3 Bxd3 21. Nxd3 Re7 22. b3 Kg7 23. Rc2 h4 24. Rac1 g5 25. Ne5 f6 26. Nf3 Kg6 27. Re1 Kf5 28. Nd2 Ke6 29. f3 Kd7 30. Kf2 Rae8 31. Nb1 Nf5 32. Rce2 Ng3 33. Rd2 Nf5 34. Rde2 b5 35. Nc3 a4 36. bxa4 b4 37. Nd1 Ra8 38. Nb2 Nd6 39. e4 dxe4 40. fxe4 Ra5 41. Kf3 c5 42. e5 fxe5 43. dxe5 Nf5 44. Nc4 Nd4+ 45. Kg4 Ra6 46. Rf2 Ne6 47. a5 Kc6 48. Rf6 Kb5 49. Rc1 Ra8 50. a4+ bxa3 51. Nxa3+ Kxa5 52. Nc4+ Kb5 53. Nd6+ Kc6 54. Nf5 Ra4+ 55. Kh5 Re8 56. Ng7 Rh8+ 57. Kg6 Kd5 58. Nxe6 Ra6 59. Nc7+ Kxe5 60. Nxa6 1-0


[Site "https://www.chess.com"]

[Event "Titled Tuesday Blitz August 08 Late 2023"]
[White "Mickiewicz, Piotr"]
[Black "Merino Garcia, Rafael II"]
[WhiteFideId "1114891"]
[BlackFideId "2209128"]
[WhiteElo "2492"]
[BlackElo "2272"]
[Result "1-0"]
[Round "5"]
[TimeControl "180+1"]
[Date "2023.08.08"]
[WhiteClock "0:01:12"]
[BlackClock "0:00:45"]
[Board "127"]

1. Nf3 Nf6 2. c4 e6 3. g3 b6 4. b3 Bb7 5. Bg2 g6 6. Bb2 Bg7 7. O-O O-O 8. Qc2 c5 9. d3 d6 10. Nbd2 Nc6 11. a3 Qe7 12. Bc3 e5 13. e3 Ne8 14. b4 f5 15. b5 Nd8 16. Ne1 Bxg2 17. Nxg2 Nf6 18. Qb2 Ne6 19. a4 f4 20. a5 Ng5 21. h4 fxe3 22. hxg5 exf2+ 23. Rxf2 Nh5 24. Ne4 Rxf2 25. Qxf2 Rf8 26. Qe2 h6 27. gxh6 Bxh6 28. axb6 axb6 29. Ra6 Ng7 30. Rxb6 Nf5 31. Qg4 Kh7 32. Kh2 Qa7 33. Ra6 Qf7 34. Nxd6 Nxd6 35. Rxd6 1-0


[Site "https://www.chess.com"]

[Event "Titled Tuesday Blitz August 08 Late 2023"]
[White "Rakitic2010"]
[Black "Kohler, Aran"]
[BlackFideId "1002856"]
[WhiteElo "2484"]
[BlackElo "2259"]
[Result "0-1"]
[Round "5"]
[TimeControl "180+1"]
[Date "2023.08.08"]
[WhiteClock "0:00:07"]
[BlackClock "0:00:47"]
[Board "128"]

1. e4 c6 2. Nf3 d5 3. exd5 cxd5 4. Ne5 a6 5. d4 Nf6 6. Nd2 Nc6 7. Ndf3 Bf5 8. c3 e6 9. Bd3 Bxd3 10. Qxd3 Bd6 11. Bf4 Bxe5 12. Nxe5 Nxe5 13. Bxe5 O-O 14. h4 Nd7 15. Rh3 Nxe5 16. dxe5 Rc8 17. h5 f6 18. h6 g6 19. Rg3 Qe8 20. Kf1 fxe5 21. Re1 e4 22. Qd4 Qf7 23. Re2 Rc4 24. Qe5 Qf6 25. Qd6 Rc6 26. Qb4 b5 27. a4 bxa4 28. Qxa4 Rd6 29. Qb4 Qe5 30. Qb7 Rf7 31. Qb8+ Rf8 32. Qc7 Rf7 33. Qc8+ Rf8 34. Qb7 Rf7 35. Qb8+ Rf8 36. Qa7 Rdd8 37. c4 Rf7 38. Qc5 Qxg3 39. Qb6 Qd6 40. Qd4 e5 41. Qc3 d4 42. Qb3 e3 43. Kg1 exf2+ 44. Rxf2 Rxf2 45. c5+ Qd5 46. Qb7 Qxb7 47. c6 Qxb2 48. c7 Rxg2+ 49. Kh1 Rh2+ 0-1


[Site "https://www.chess.com"]

[Event "Titled Tuesday Blitz August 08 Late 2023"]
[White "Prithu Gupta"]
[Black "Josgar05"]
[WhiteFideId "46618546"]
[WhiteElo "2450"]
[BlackElo "2257"]
[Result "1-0"]
[Round "5"]
[TimeControl "180+1"]
[Date "2023.08.08"]
[WhiteClock "0:01:09"]
[BlackClock "0:00:14"]
[Board "129"]

1. d4 g6 2. c4 Bg7 3. Nc3 Nf6 4. e4 d6 5. Be2 c5 6. dxc5 dxc5 7. Qxd8+ Kxd8 8. e5 Ne8 9. f4 Nc7 10. Nf3 Ne6 11. Be3 Nc6 12. O-O-O+ Ke8 13. Nd5 Rb8 14. g4 h5 15. gxh5 Rxh5 16. Ng5 Rh8 17. Nxe6 Bxe6 18. Nc7+ Kf8 19. Nxe6+ fxe6 20. Bxc5 Bh6 21. Be3 Nxe5 22. Bd4 Bxf4+ 23. Kc2 g5 24. Rdf1 Ng6 25. Bxh8 Nxh8 26. h4 e5 27. hxg5 Kg7 28. Bd3 Ng6 29. Rh6 Nf8 30. Rfh1 Rd8 31. R6h3 Bxg5 32. Rg3 Kf6 33. Rf1+ Bf4 34. Rg8 Kf7 35. Rfg1 Bh6 36. c5 Rc8 37. b4 Rc6 38. Bc4+ Kf6 39. Bd5 Rc7 40. Be4 Bf4 41. Rxf8+ Ke6 42. Bf5+ Kd5 43. Rd1+ Kc4 44. a3 Kb5 45. Kb3 a5 46. a4+ Kc6 47. Be4# 1-0


[Site "https://www.chess.com"]

[Event "Titled Tuesday Blitz August 08 Late 2023"]
[White "Castro Silva, Moises Antonio"]
[Black "Sailer, Mike"]
[WhiteFideId "3909794"]
[BlackFideId "2012901"]
[WhiteElo "2444"]
[BlackElo "2198"]
[Result "0-1"]
[Round "5"]
[TimeControl "180+1"]
[Date "2023.08.08"]
[WhiteClock "0:00:00"]
[BlackClock "0:00:04"]
[Board "130"]

1. e4 d5 2. exd5 Qxd5 3. Nc3 Qd6 4. d4 Nf6 5. Nf3 c6 6. Ne5 Nbd7 7. Bf4 Nd5 8. Bg3 Nxc3 9. bxc3 Nxe5 10. Bxe5 Qg6 11. Qf3 Qxc2 12. Bc4 e6 13. O-O Qf5 14. Qxf5 exf5 15. d5 f6 16. Bg3 Bc5 17. Rfe1+ Kf8 18. dxc6 bxc6 19. Rad1 g5 20. Rd8+ Kg7 21. Rxh8 Kxh8 22. Re8+ Kg7 23. Rg8+ Kh6 24. Bc7 Bb7 25. Bd8 Bb6 26. Bxf6 Rxg8 27. Bxg8 Kg6 28. Be5 Bd8 29. Be6 Bf6 30. Bb8 Bxc3 31. Bxa7 Kf6 32. Bc4 Ke5 33. Kf1 Bd4 34. Bb8+ Kf6 35. Ke2 c5 36. a4 Bxg2 37. a5 Ba8 38. a6 h5 39. Bc7 g4 40. Bf4 Be5 41. Be3 Bd4 42. Bd2 Ke5 43. Ba5 f4 0-1


[Site "https://www.chess.com"]

[Event "Titled Tuesday Blitz August 08 Late 2023"]
[White "Ferrufino, Boris"]
[Black "Swicarz, Maciej"]
[WhiteFideId "3300170"]
[BlackFideId "1113585"]
[WhiteElo "2076"]
[BlackElo "2437"]
[Result "0-1"]
[Round "5"]
[TimeControl "180+1"]
[Date "2023.08.08"]
[WhiteClock "0:00:39"]
[BlackClock "0:01:17"]
[Board "131"]

1. d4 Nf6 2. Nf3 d5 3. e3 g6 4. b4 a5 5. b5 c5 6. c3 Bg7 7. a4 c4 8. Ba3 O-O 9. Nbd2 Re8 10. Qc2 Bf5 11. Qd1 Nbd7 12. Be2 e5 13. O-O Qc7 14. Qc1 Rac8 15. Bd1 Bd3 16. Re1 Ne4 17. Bc2 Nxc3 18. Bb2 Ne2+ 19. Rxe2 Bxe2 20. Bc3 exd4 21. Nxd4 Bd3 22. Qb2 Nc5 23. N2f3 b6 24. Nc6 Bxc3 25. Qxc3 Ne4 26. Qd4 Bxc2 27. h3 Re6 0-1


[Site "https://www.chess.com"]

[Event "Titled Tuesday Blitz August 08 Late 2023"]
[White "Garmendiarov"]
[Black "Salemgareev, Tagir"]
[BlackFideId "24199052"]
[WhiteElo "2319"]
[BlackElo "2625"]
[Result "0-1"]
[Round "5"]
[TimeControl "180+1"]
[Date "2023.08.08"]
[WhiteClock "0:00:02"]
[BlackClock "0:00:16"]
[Board "132"]

1. e4 c5 2. Nf3 d6 3. d4 cxd4 4. Nxd4 Nf6 5. Nc3 a6 6. Rg1 e5 7. Nb3 h5 8. h3 Be6 9. Be3 Nbd7 10. Qd2 b5 11. O-O-O Rb8 12. f4 b4 13. Nd5 Nxe4 14. Qe1 a5 15. Kb1 a4 16. Nc1 a3 17. fxe5 axb2 18. Kxb2 Nxe5 19. Bf4 Nc3 20. Nxc3 bxc3+ 21. Ka1 Qa5 22. Nb3 Rxb3 23. cxb3 Bxb3 24. Bb5+ Qxb5 25. axb3 Qxb3 26. Qe2 Qa4+ 27. Qa2 Qxf4 28. Qa8+ Ke7 29. Rge1 c2 30. Qb7+ Kf6 31. Rc1 Kg6 32. Qc8 Be7 33. Qxc2+ Kh6 34. Qd2 Qxd2 35. Rcd1 Ra8+ 36. Kb1 Rb8+ 37. Ka1 Qb2# 0-1


[Site "https://www.chess.com"]

[Event "Titled Tuesday Blitz August 08 Late 2023"]
[White "Manon-og, Ramon Jr."]
[Black "Veiga, Jose Francisco R P Neves"]
[WhiteFideId "5200776"]
[BlackFideId "1930087"]
[WhiteElo "2317"]
[BlackElo "2562"]
[Result "0-1"]
[Round "5"]
[TimeControl "180+1"]
[Date "2023.08.08"]
[WhiteClock "0:01:19"]
[BlackClock "0:01:38"]
[Board "133"]

1. e4 e5 2. Nf3 Nc6 3. Bc4 Bc5 4. c3 Nf6 5. d4 exd4 6. e5 d5 7. Bb5 Ne4 8. cxd4 Bb6 9. Nc3 O-O 10. h3 f6 11. O-O fxe5 12. Bxc6 bxc6 13. Nxe5 Ba6 14. Nxe4 dxe4 15. Nxc6 Qf6 16. Ne5 Bxf1 17. Qxf1 Bxd4 18. Nd7 Qxf2+ 19. Qxf2 Rxf2 20. Kh1 Rd8 0-1


[Site "https://www.chess.com"]

[Event "Titled Tuesday Blitz August 08 Late 2023"]
[White "Slaby, Jerzy"]
[Black "Sala, Giulia"]
[WhiteFideId "1121405"]
[BlackFideId "2840451"]
[WhiteElo "2537"]
[BlackElo "2316"]
[Result "1-0"]
[Round "5"]
[TimeControl "180+1"]
[Date "2023.08.08"]
[WhiteClock "0:00:28"]
[BlackClock "0:00:04"]
[Board "134"]

1. e4 g6 2. d4 Bg7 3. Be3 d6 4. Nc3 Nf6 5. f3 O-O 6. Qd2 c6 7. h4 b5 8. h5 b4 9. Na4 Qa5 10. b3 Ba6 11. Bxa6 Nxa6 12. Ne2 c5 13. Bh6 cxd4 14. Bxg7 Kxg7 15. hxg6 fxg6 16. Nxd4 Rac8 17. Ne6+ Kf7 18. Nxf8 Kxf8 19. Nb2 Qe5 20. O-O-O Nc5 21. Kb1 a5 22. g4 a4 23. g5 Nh5 24. Nc4 Qg7 25. e5 a3 26. Qxb4 d5 27. Rxd5 Ne6 28. Qxa3 Qf7 29. Qa6 Re8 30. Rhd1 Nc7 31. Qc6 Nxd5 32. Qxd5 Qf5 33. a4 Nf4 34. Qe4 Qxg5 35. a5 Ne6 36. a6 Qg2 37. a7 Qf2 38. a8=Q Rxa8 39. Qxa8+ Kg7 40. Qd5 Nf4 41. Qe4 Ne2 42. Qd3 Nf4 43. Qd2 Qg3 44. e6 Qxf3 45. Qd4+ Kh6 46. Ne5 Qg3 47. Rh1+ Kg5 48. Nf7+ Kf5 49. Qe5+ Kg4 50. Qg5+ Kf3 51. Rf1+ Ke2 52. Qxg3 Kxf1 53. Qxf4+ 1-0


[Site "https://www.chess.com"]

[Event "Titled Tuesday Blitz August 08 Late 2023"]
[White "Bochnicka, Vladimir"]
[Black "AndresDelgado77"]
[WhiteFideId "14943450"]
[WhiteElo "2488"]
[BlackElo "2315"]
[Result "1-0"]
[Round "5"]
[TimeControl "180+1"]
[Date "2023.08.08"]
[WhiteClock "0:00:40"]
[BlackClock "0:00:01"]
[Board "135"]

1. e4 e6 2. d4 d5 3. e5 c5 4. c3 Bd7 5. Nf3 Nc6 6. Bd3 Qb6 7. O-O cxd4 8. h4 Rc8 9. Re1 a5 10. b3 dxc3 11. Nxc3 Bb4 12. Bd2 Nd4 13. Rc1 Nxf3+ 14. Qxf3 Ne7 15. Qg4 O-O 16. h5 Nf5 17. h6 Qd4 18. Bxf5 Qxg4 19. Bxg4 d4 20. Ne4 Bc6 21. hxg7 Kxg7 22. Bxb4 axb4 23. Nd6 Ra8 24. Rc2 Ra5 25. Rd2 Rfa8 26. Rxd4 Rxa2 27. Rf4 Rg8 28. Rxf7+ Kh6 29. Bf3 Rb2 30. Bxc6 bxc6 31. Re3 Rb1+ 32. Kh2 Rg5 33. Rh3+ Kg6 34. Rf6+ Kg7 35. Ne8+ Kg8 36. Rff3 h5 37. Nf6+ Kg7 38. Nxh5+ Kg6 39. Nf4+ Kf5 40. Nd3+ Ke4 41. Rh4+ Kd5 42. Rf7 c5 43. Rc4 Rxe5 44. Rd7+ Kc6 45. Nxe5+ Kb5 46. Rb7+ 1-0


[Site "https://www.chess.com"]

[Event "Titled Tuesday Blitz August 08 Late 2023"]
[White "Lalanne, Pablo"]
[Black "Womacka, Mathias"]
[WhiteFideId "112151"]
[BlackFideId "4611390"]
[WhiteElo "2314"]
[BlackElo "2481"]
[Result "1/2-1/2"]
[Round "5"]
[TimeControl "180+1"]
[Date "2023.08.08"]
[WhiteClock "0:00:11"]
[BlackClock "0:00:04"]
[Board "136"]

1. e4 c5 2. Nf3 d6 3. d4 cxd4 4. Nxd4 Nf6 5. Nc3 a6 6. Be2 e5 7. Nf3 Be7 8. h3 Be6 9. Be3 h6 10. O-O Nbd7 11. a4 O-O 12. a5 Rc8 13. Re1 Rxc3 14. bxc3 Nxe4 15. c4 Nc3 16. Qd2 Nxe2+ 17. Qxe2 Qc7 18. Nd2 Rc8 19. Qf3 Nf6 20. Rab1 d5 21. Bb6 Qc6 22. Rxe5 dxc4 23. Qxc6 Rxc6 24. Ne4 Nd7 25. Rh5 f5 26. Ng3 Nf6 27. Rxf5 Bxf5 28. Nxf5 Bf8 29. Rd1 g6 30. Ne3 Kf7 31. Rd8 Bc5 32. Rb8 Bxb6 33. axb6 Rxb6 34. Nxc4 Rb1+ 35. Kh2 Ke6 36. Ra8 Nd5 37. Kg3 g5 38. Rh8 b5 39. Rxh6+ Kf5 40. Nd6+ Ke5 41. Nf7+ Kd4 42. Rxa6 Rc1 43. Nxg5 Rxc2 44. h4 b4 45. h5 Rc1 46. Nf3+ Kc5 47. h6 Rh1 48. Nh2 Ne7 49. h7 Nf5+ 50. Kf4 Rxh2 51. Kxf5 Rxh7 52. g4 b3 53. Ra8 Rb7 54. Ra1 Rf7+ 55. Ke6 Rxf2 56. g5 Kc4 57. g6 Rg2 58. Kf7 b2 59. Rb1 Kb3 60. g7 Ka2 61. Rxb2+ Kxb2 62. g8=Q Rxg8 63. Kxg8 1/2-1/2


[Site "https://www.chess.com"]

[Event "Titled Tuesday Blitz August 08 Late 2023"]
[White "Ljukin, Sergei"]
[Black "rionelG"]
[WhiteFideId "14102200"]
[WhiteElo "2460"]
[BlackElo "2304"]
[Result "1-0"]
[Round "5"]
[TimeControl "180+1"]
[Date "2023.08.08"]
[WhiteClock "0:00:04"]
[BlackClock "0:00:00"]
[Board "137"]

1. e4 c5 2. Nf3 d6 3. d4 cxd4 4. Nxd4 Nf6 5. Nc3 a6 6. Bg5 Nbd7 7. f4 Qc7 8. Qf3 b5 9. O-O-O Bb7 10. Nd5 Nxd5 11. exd5 Nb6 12. Nf5 e6 13. Ne3 Rc8 14. Qe2 Be7 15. dxe6 fxe6 16. Bxe7 Qxe7 17. Qd2 Nd5 18. Nxd5 Bxd5 19. Bd3 O-O 20. Rhe1 Qf6 21. g3 Rc6 22. Kb1 Rfc8 23. c3 Rc5 24. Bc2 a5 25. Be4 b4 26. cxb4 axb4 27. Bxd5 Rxd5 28. Qxb4 Qf5+ 29. Ka1 Rdc5 30. a3 d5 31. Qb6 Kf7 32. Qb3 R8c7 33. Qe3 Rc2 34. Re2 Qf6 35. Rxc2 Rxc2 36. Qb3 Rxh2 37. Qb7+ Kg6 38. Qb3 Rg2 39. Qd3+ 1-0


[Site "https://www.chess.com"]

[Event "Titled Tuesday Blitz August 08 Late 2023"]
[White "JERO-8914"]
[Black "Talbi, Chafik"]
[BlackFideId "7903715"]
[WhiteElo "2459"]
[BlackElo "2301"]
[Result "0-1"]
[Round "5"]
[TimeControl "180+1"]
[Date "2023.08.08"]
[WhiteClock "0:00:00"]
[BlackClock "0:00:08"]
[Board "138"]

1. e4 c6 2. d4 d5 3. exd5 cxd5 4. c4 Nf6 5. Nc3 Nc6 6. Nf3 e6 7. cxd5 Nxd5 8. Bd3 Be7 9. O-O O-O 10. Re1 g6 11. Bh6 Re8 12. Rc1 Bf6 13. Bb5 Nxc3 14. bxc3 Bd7 15. g3 Qa5 16. a4 a6 17. Bf1 Qh5 18. Bf4 Ne7 19. Ne5 Qxd1 20. Rcxd1 Bxa4 21. Rb1 b5 22. Bg2 Ra7 23. Ng4 Bg7 24. Be5 Rc8 25. Rec1 h5 26. Bxg7 Kxg7 27. Ne5 Rac7 28. c4 bxc4 29. Bf1 Rd8 30. Bxc4 Rxd4 31. Bxa6 Rxc1+ 32. Rxc1 Rd1+ 33. Rxd1 Bxd1 34. Bb7 Ba4 35. Nd3 Nf5 36. Be4 Nd4 37. Nc5 Bc6 38. Bd3 f5 39. h4 Kf6 40. Bf1 e5 41. Bg2 Nf3+ 42. Bxf3 Bxf3 43. Nd7+ Ke6 44. Nc5+ Ke7 45. Nd3 Kf6 46. Kf1 Bd5 47. Ke2 Bc4 48. Ke3 Bxd3 49. Kxd3 g5 50. Ke3 gxh4 51. gxh4 Ke6 52. Kd3 Kd5 53. Ke3 Kc4 54. f3 Kc3 55. Kf2 Kd3 56. Kg2 Ke2 57. Kg3 Ke3 58. Kg2 Kf4 59. Kf2 e4 60. fxe4 fxe4 61. Ke2 Ke5 62. Ke3 Kf5 63. Kf2 Kf4 64. Ke2 e3 65. Ke1 Kf3 66. Kf1 Kg3 67. Ke2 Kxh4 68. Kxe3 Kg3 69. Ke2 Kg2 0-1


[Site "https://www.chess.com"]

[Event "Titled Tuesday Blitz August 08 Late 2023"]
[White "Cooper, Aaron"]
[Black "Arnold, Ken"]
[WhiteFideId "2634945"]
[BlackFideId "2056836"]
[WhiteElo "2296"]
[BlackElo "2454"]
[Result "0-1"]
[Round "5"]
[TimeControl "180+1"]
[Date "2023.08.08"]
[WhiteClock "0:00:37"]
[BlackClock "0:01:11"]
[Board "139"]

1. e4 c6 2. d4 d5 3. exd5 cxd5 4. Bd3 Nf6 5. c3 Nc6 6. Bf4 Bg4 7. Qb3 Qb6 8. Qxb6 axb6 9. Nd2 e6 10. Ngf3 Bxf3 11. Nxf3 Be7 12. h3 O-O 13. g4 Rfc8 14. Ke2 Nd7 15. g5 Na5 16. a3 Nc4 17. Rab1 b5 18. h4 Ndb6 19. Kd1 Na4 20. Kc2 Ncxb2 21. Rxb2 Rxc3+ 22. Kd2 Rxd3+ 23. Kxd3 Nxb2+ 24. Kc2 Nc4 25. Ne5 Rxa3 26. Nd3 b4 27. Rb1 Rc3+ 0-1


[Site "https://www.chess.com"]

[Event "Titled Tuesday Blitz August 08 Late 2023"]
[White "Fernandez Madrid, Carlos"]
[Black "Omariev, Maksim"]
[WhiteFideId "2206030"]
[BlackFideId "4193423"]
[WhiteElo "2293"]
[BlackElo "2448"]
[Result "0-1"]
[Round "5"]
[TimeControl "180+1"]
[Date "2023.08.08"]
[WhiteClock "0:01:15"]
[BlackClock "0:00:11"]
[Board "140"]

1. c4 e5 2. Nc3 Nc6 3. g3 Nf6 4. Bg2 Bc5 5. e3 d6 6. Nge2 O-O 7. O-O a6 8. d4 Ba7 9. d5 Ne7 10. b3 h5 11. e4 h4 12. Bg5 hxg3 13. Nxg3 Nh7 14. Be3 Ng6 15. Nf5 Qf6 16. Bxa7 Rxa7 17. f4 Nxf4 18. Ne2 g5 19. Neg3 Kh8 20. Rxf4 exf4 21. Nh5 Qe5 22. Nd4 Bg4 23. Bf3 Bxf3 24. Nxf3 Qxe4 25. Qf1 Raa8 26. Re1 Qg6 27. Qh3 Rae8 28. Rf1 g4 29. Nxf4 gxh3+ 30. Nxg6+ fxg6 31. Kf2 Rxf3+ 32. Kxf3 Rf8+ 33. Ke2 Rxf1 34. Kxf1 g5 35. Kf2 g4 36. Kg3 Nf6 37. Kf4 Kg7 38. b4 b6 39. Kg3 Kg6 40. Kf4 Kh5 41. a4 a5 42. bxa5 bxa5 43. Kf5 g3 44. hxg3 Ng4 45. Ke6 h2 46. Kd7 h1=Q 47. Kxc7 Qg1 48. Kxd6 Qxg3+ 49. Kc6 Qa3 50. d6 Ne5+ 51. Kc7 Nxc4 52. d7 Qd6+ 53. Kc8 Nb6+ 54. Kb7 Nxd7 55. Ka7 Nc5 56. Ka8 Qd7 57. Kb8 Qb7# 0-1


[Site "https://www.chess.com"]